 Dungeon Crawl Stone Soup version 0.28-a0-662-g1651b1f1e0 (webtiles) character file.

Game seed: 13142652338214506947

4 bande the Shield-Bearer (level 1, -2/14 HPs)
             Began as a Gargoyle Fighter on Oct 15, 2021.
             Slain by a jackal (3 damage)
             ... on level 1 of the Dungeon.
             The game lasted 00:00:13 (66 turns).

bande the Shield-Bearer (Gargoyle Fighter)            Turns: 66, Time: 00:00:13

Health: -2/14      AC:  9    Str: 19    XL:     1   Next: 60%
Magic:  1/1        EV:  9    Int:  8    God:
Gold:   0          SH:  4    Dex:  9    Spells: 0/0 levels left

rFire   . . .      SeeInvis .   a - +0 war axe
rCold   . . .      Faith    .   c - +0 buckler
rNeg    + . .      Spirit   .   b - +0 scale mail
rPois   ∞          Reflect  .   (no helmet)
rElec   +          Harm     .   (no cloak)
rCorr   .          Rampage  .   (no gloves)
Will    .....                   (no boots)
Stlth   ..........              (no amulet)
HPRegen 0.04/turn               (no ring)
MPRegen 0.07/turn               (no ring)

@: no status effects
A: sickness immunity, AC +2, negative energy resistance 1, electricity
resistance, torment resistance 1, petrification resistance
a: no special abilities


You were on level 1 of the Dungeon.
You visited 1 branch of the dungeon, and saw 1 of its levels.

Inventory:

Hand Weapons
 a - a +0 war axe (weapon)
Armour
 b - a +0 scale mail (worn)
 c - a +0 buckler (worn)
Scrolls
 e - a scroll of magic mapping {unknown}
Potions
 d - a potion of might


   Skills:
 + Level 3.3 Fighting
 + Level 1.8 Axes
 + Level 3.3 Armour
 + Level 3.4 Shields


You couldn't memorise any spells.
You didn't know any spells.
Your spell library was empty.

Dungeon Overview and Level Annotations

Branches:
Dungeon (1/15)

Altars:


Innate Abilities, Weirdness & Mutations

You are immune to sickness and miasma.
Your stone body is resilient. (AC +2)
You are immune to poison.
You resist negative energy. (rN+)
You are resistant to electric shocks. (rElec)
You are resistant to unholy torment.
You are immune to petrification.


Message History

The ball python constricts you. You block the ball python's attack.
The ball python constricts you.
A hobgoblin comes into view.
Unknown command.
You hit the ball python.
You kill the ball python!
The bat barely misses you.
Unknown command.
You barely miss the bat. You barely miss the jackal.
The bat hits you but does no damage.
The jackal bites you but does no damage.
The jackal closely misses you. x2
The jackal bites you but does no damage.
You barely miss the jackal.
Your scale mail prevents you from hitting the jackal.
The jackal bites you but does no damage.
The jackal bites you. The jackal barely misses you. The jackal misses you.
Unknown command.
You closely miss the jackal. You barely miss the jackal.
The jackal closely misses you.
The jackal bites you but does no damage.
The jackal bites you.
The jackal bites you but does no damage.
Unknown command.
You hit the jackal.
The jackal is moderately wounded.
You miss the jackal.
The jackal bites you but does no damage.
The jackal misses you.
The jackal bites you but does no damage.
The jackal bites you.
* * * LOW HITPOINT WARNING * * *
You miss the jackal.
The jackal is moderately wounded.
You closely miss the jackal. The jackal barely misses you.
The jackal bites you but does no damage.
The jackal bites you.
* * * LOW HITPOINT WARNING * * *
The jackal bites you.
You die...

#. .# #. ..#
#. .. #. #.##
.# ### ..
..##.# .. .#
#.#..#### #.#.
#.#.....# #...
#.)..##.###
#..#
#.#@h......
#..###
###.#h###.###
#...## #...#bS
#.#..#
###.###.#h
###.##.###...#
#.#Kg
.....#.#...###
#.# #.
.....#...###
#.. ..
.....##...#
..# #)
.....##.#..#


You could see 3 jackals, a hobgoblin, a bat, a ball python and a kobold.

Vanquished Creatures
  A jackal (D:1)
  2 ball pythons (D:1)
  2 bats (D:1)
5 creatures vanquished.

Notes
Turn   | Place    | Note
-------+----------+-------------------------------------------
     0 | D:1      | bande the Gargoyle Fighter began the quest for the Orb.
     0 | D:1      | Reached XP level 1. HP: 14/14 MP: 1/1
    66 | D:1      | Slain by a jackal

Illustrated notes

Levels and vault maps discovered:
D:1:      minmay_arrival_wavy_path, layout_rooms,
          dreamdust_ecumenical_altar_hidden_monk_grotto, st_stairs_10,
          minmay_indecisive_spiral

Action                   || total
-------------------------++-------
Melee: War axe           ||    14
Armor: Scale mail        ||    15
Dodge: Dodged            ||    14
Block: Buckler           ||     4

Table legend: (Time is in decaauts)
 A = Elapsed time spent in this place.
 B = Non-inter-level travel time spent in this place.
 C = Inter-level travel time spent in this place.
 D = Time resting spent in this place.
 E = Time spent auto-exploring this place.
 F = Levels seen in this place.
 G = Mean time per level.
                   A        B        C        D        E       F      G
               +--------+--------+--------+--------+--------+-----+--------+
         Total |     71 |     71 |      0 |      0 |     45 |   1 |   71.0 |
       Dungeon |     71 |     71 |      0 |      0 |     45 |   1 |   71.0 |
               +--------+--------+--------+--------+--------+-----+--------+

Top non-repeatable levels by time:
     D:1: 71 daAuts
